AoeStats
← 尘

Lombardia

509886206Analyzed
4v4 RM · 2d ago on Sep 28, 2026· 67m 12s· 8 players
Game mode
Random Map
Map size
Large (8 player)
Population
200
Speed
Normal
Resources
Standard
Victory
Conquest
Starting age
Dark Age
Ending age
Imperial Age
RankedLock teamsTeams togetherTeam positionsShared explorationLock speedFull tech treeHidden civsTurbo modeCheats
Victory
Defeat
🇨🇳 Mongols · China
1121
+13
🇨🇳 Gurjaras · China
1090
+15
🇨🇳 Japanese · China
1071
+15
🇨🇳 Jurchens · China
1067
+16
🇦🇷 Magyars · Argentina
1158
-18
🇬🇧 Spanish · United Kingdom
1112
-17
🇩🇪 Persians · Germany
1059
-15
🇩🇪 Persians · Germany
915
-9
惢丶利安
10:42 Feudal Age
10:33 Loom
15:17 Castle Age
13:37 Double-Bit Axe
14:07 Horse Collar
18:15 Heavy Plow
26:55 Wheelbarrow
26:25 Town Watch
28:01 Bow Saw
28:22 Fletching
29:34 Hand Cart
29:41 Bodkin Arrow
33:03 Gold Mining
35:58 Imperial Age
35:15 Thumb Ring
35:05 Pikeman
35:46 Squires
36:04 Town Patrol
36:26 Treadmill Crane
37:08 Ballistics
37:29 Conscription
39:01 Kataparuto
39:23 Scale Mail Armor
39:34 Forging
39:25 Bracer
40:49 Chain Mail Armor
40:53 Halberdier
41:55 Arson
42:48 Iron Casting
44:12 Plate Mail Armor
47:24 Blast Furnace
48:17 Gold Shaft Mining
47:33 Stone Mining
48:57 Two-Man Saw
50:05 Padded Archer Armor
50:13 Caravan
49:49 Capped Ram
54:23 Chemistry
53:40 Siege Engineers
60:24 Yasama
60:59 Hoardings
60:38 Masonry
60:14 Arrowslits
60:20 Guard Tower
60:26 Murder Holes
60:51 Onager
65:24 Keep
哈基咩
5:53 Loom
9:37 Feudal Age
13:07 Double-Bit Axe
19:36 Castle Age
17:45 Horse Collar
21:32 Bloodlines
28:10 Husbandry
30:23 Wheelbarrow
31:33 Gold Mining
37:19 Imperial Age
36:22 Gold Shaft Mining
37:41 Forging
37:36 Scale Barding Armor
37:35 Elite Shrivamsha Rider
40:26 Chain Barding Armor
40:42 Iron Casting
42:42 Plate Barding Armor
42:35 Hand Cart
43:24 Kshatriyas
43:40 Conscription
44:05 Caravan
45:28 Heavy Camel Rider
48:02 Frontier Guards
50:37 Chemistry
58:34 Light Cavalry
63:12 Hussar
尘
8:34 Loom
10:25 Feudal Age
11:41 Double-Bit Axe
16:22 Castle Age
21:16 Horse Collar
22:40 Wheelbarrow
22:10 Stone Mining
24:57 Gold Mining
26:45 Heavy Plow
26:58 Bow Saw
27:33 Hand Cart
28:45 Gold Shaft Mining
28:26 Loom
29:38 Thumb Ring
32:14 Imperial Age
32:16 Husbandry
33:19 Town Watch
34:58 Fletching
35:11 Light Cavalry
36:01 Bloodlines
36:14 Conscription
37:27 Bodkin Arrow
37:36 Padded Archer Armor
37:06 Hussar
39:17 Bracer
40:10 Caravan
41:39 Forging
41:35 Scale Barding Armor
41:33 Elite Mangudai
42:21 Capped Ram
44:43 Drill
45:08 Leather Archer Armor
45:51 Parthian Tactics
48:13 Hussar
51:16 Iron Casting
51:02 Chain Barding Armor
53:02 Ballistics
53:42 Chemistry
57:16 Blast Furnace
57:46 Siege Engineers
57:52 Masonry
58:34 Hoardings
58:05 Siege Ram
新手别搞
10:40 Feudal Age
14:33 Castle Age
12:49 Double-Bit Axe
17:40 Husbandry
19:29 Man-at-Arms
20:26 Loom
24:24 Wheelbarrow
23:51 Horse Collar
25:21 Forging
25:55 Scale Barding Armor
33:34 Imperial Age
32:17 Bow Saw
32:27 Heavy Plow
33:31 Hand Cart
36:44 Gold Mining
36:46 Stone Mining
39:19 Chain Barding Armor
40:05 Iron Casting
40:13 Conscription
43:12 Conscription
43:56 Blast Furnace
43:45 Crop Rotation
44:03 Elite Iron Pagoda
45:56 Plate Barding Armor
45:59 Gold Shaft Mining
46:00 Stone Shaft Mining
50:45 Fortified Bastions
52:49 Hoardings
56:06 Two-Man Saw
56:48 Caravan
57:22 Pikeman
58:02 Squires
59:16 Scale Mail Armor
59:44 Halberdier
60:26 Arson
61:31 Chain Mail Armor
Lampy
11:17 Feudal Age
11:40 Loom
11:37 Man-at-Arms
15:55 Double-Bit Axe
15:53 Horse Collar
20:49 Castle Age
23:39 Heavy Plow
23:30 Gold Mining
39:08 Wheelbarrow
41:33 Hand Cart
46:22 Imperial Age
46:52 Padded Archer Armor
47:41 Town Watch
49:45 Conscription
48:46 Elite Conquistador
49:47 Leather Archer Armor
50:18 Caravan
52:14 Husbandry
52:24 Bloodlines
52:33 Light Cavalry
53:32 Bow Saw
54:07 Hussar
54:07 Cavalier
55:14 Paladin
56:46 Ring Archer Armor
56:22 Scale Barding Armor
56:27 Forging
56:46 Stone Mining
64:36 Chain Barding Armor
64:51 Iron Casting
64:08 Fletching
65:27 Two-Man Saw
66:23 Masonry
66:35 Ballistics
67:15 Chemistry
66:12 Murder Holes
JohnSalchichon
6:09 Loom
9:32 Feudal Age
10:02 Double-Bit Axe
10:06 Horse Collar
20:12 Castle Age
19:57 Bloodlines
19:54 Scale Barding Armor
21:23 Husbandry
21:27 Gold Mining
21:49 Bow Saw
22:22 Fletching
23:52 Wheelbarrow
28:50 Imperial Age
27:27 Fletching
28:25 Thumb Ring
28:17 Bodkin Arrow
29:56 Ballistics
29:38 Bracer
31:12 Parthian Tactics
31:40 Padded Archer Armor
37:01 Hand Cart
36:35 Town Watch
36:49 Light Cavalry
36:55 Light Cavalry
TopicKilleR
6:19 Loom
12:23 Feudal Age
16:26 Castle Age
21:46 Horse Collar
24:11 Double-Bit Axe
28:08 Fletching
28:18 Padded Archer Armor
29:22 Kamandaran
30:45 Crossbowman
31:23 Bodkin Arrow
31:29 Padded Archer Armor
33:14 Town Watch
34:00 Padded Archer Armor
34:11 Forging
34:06 Scale Barding Armor
34:30 Caravan
35:00 Coinage
38:01 Imperial Age
36:10 Wheelbarrow
36:02 Ballistics
36:15 Thumb Ring
37:57 Bow Saw
38:13 Hand Cart
38:53 Banking
38:41 Guilds
39:30 Iron Casting
39:15 Chain Barding Armor
40:03 Heavy Plow
41:05 Two-Man Saw
40:33 Elite War Elephant
42:41 Conscription
42:50 Bloodlines
44:17 Blast Furnace
43:21 Husbandry
44:31 Gold Mining
44:31 Stone Mining
46:20 Chain Barding Armor
47:05 Chemistry
49:32 Leather Archer Armor
54:06 Ring Archer Armor
54:12 Plate Barding Armor
59:19 Crop Rotation
59:13 Town Patrol
WeLoveRust
4:03 Loom
11:24 Feudal Age
15:58 Castle Age
15:12 Double-Bit Axe
15:09 Horse Collar
21:01 Heavy Plow
22:54 Stone Mining
24:10 Wheelbarrow
25:51 Pikeman
26:53 Bow Saw
28:30 Scale Barding Armor
28:36 Forging
29:13 Gold Mining
30:03 Stone Shaft Mining
36:09 Imperial Age
34:21 Caravan
37:13 Chain Barding Armor
37:40 Iron Casting
39:07 Gold Shaft Mining
38:39 Husbandry
38:51 Bloodlines
40:01 Cavalier
42:26 Plate Barding Armor
42:52 Blast Furnace
41:47 Savar
43:53 Two-Man Saw
43:53 Crop Rotation
44:49 Conscription
48:51 Citadels
48:56 Scale Mail Armor
48:57 Padded Archer Armor
51:36 Heavy Camel Rider
52:02 Halberdier
52:43 Squires
52:28 Arson
Connection lost

Rejoining the realm…

Still unreachable

The connection could not be restored.

Session expired

The server has moved on; the page needs a fresh start.